 Dungeon Crawl Stone Soup version 0.31.0 (webtiles) character file.

Game seed: 4162276832434568985

51 SnakkuSnakku7 the Chopper (level 4, -1/35 HPs)
             Began as a Formicid Cinder Acolyte on Jan 20, 2024.
             Was a High Priest of Ignis.
             Slain by an endoplasm (2 damage)
             ... on level 2 of the Dungeon.
             The game lasted 00:01:43 (1049 turns).

SnakkuSnakku7 the Chopper (Formicid Cinder Acolyte) Turns: 1049, Time: 00:01:44

Health: -1/35      AC:  3    Str: 20    XL:     4   Next: 7%
Magic:  5/5        EV: 11    Int: 14    God:    Ignis [*****.]
Gold:   78         SH:  0    Dex:  9    Spells: 5/5 levels left

rFire   + . .        a - -1 hand axe (flame)
rCold   . . .        (no shield)
rNeg    . . .        b - +0 robe
rPois   .            (helmet unavailable)
rElec   .            h - +0 cloak
rCorr   .            (no gloves)
SInv    +            (no boots)
Will    .....        (no amulet)
Stlth   +            (no ring)
HPRegen 0.25/turn    (no ring)
MPRegen 0.09/turn

%: no passive effects
@: mighty, attractive, rising, flying
A: permanent stasis, dig shafts and tunnels, antennae 3, four strong arms
a: Dig, Shaft Self, Renounce Religion, Fiery Armour, Foxfire Swarm


You were on level 2 of the Dungeon.
You worshipped Ignis.
Ignis was extremely pleased with you.
You visited 1 branch of the dungeon, and saw 2 of its levels.

You collected 78 gold pieces.

Inventory:

Hand Weapons
 a - a -1 hand axe of flaming (weapon)
Armour
 b - a +0 robe (worn)
 h - a +0 cloak (worn)
Scrolls
 c - 2 scrolls of brand weapon {unknown}
 e - a scroll of immolation {unknown}
 g - a scroll of vulnerability {unknown}
 i - a scroll of teleportation {unknown}
Potions
 d - a potion of might


   Skills:
 - Level 3.2 Fighting
 + Level 4.6 Axes
 - Level 1.1 Spellcasting
 - Level 3.0 Fire Magic


You had 5 spell levels left.
You didn't know any spells.
Your spell library contained the following spells:

 Spells                   Type           Power      Damage    Failure   Level
 Scorch                   Fire           18%        2d5       12%         2


Dungeon Overview and Level Annotations

Branches:
Dungeon (2/15)

Altars:

Annotations:
D:2 Sigmund


Innate Abilities, Weirdness & Mutations

You cannot be hasted, slowed, berserked, paralysed or teleported.
You can dig through walls and to a lower floor.
You have a pair of large antennae on your head. (SInv)
Your four strong arms can wield two-handed weapons with a shield.


Message History

Sigmund casts a spell at you. The magic dart hits you.
You closely miss Sigmund.
Sigmund says, "You will soon forget everything."
Sigmund hits you with a +0 scythe! Sigmund gestures at you while chanting.
The magic dart hits you!
Sigmund zaps a wand.
The puff of flame hits you. You resist.
* * * LOW HITPOINT WARNING * * *
Sigmund casts a spell at you.
You are confused.
You bump into the rock wall.
Sigmund looks at you with fury.
A hobgoblin comes into view.
You bump into the rock wall.
The hobgoblin shouts!
The endoplasm closely misses you.
You bump into the rock wall.
Sigmund barely misses you. The endoplasm freezes you.
You are frozen.
* * * LOW HITPOINT WARNING * * *
You feel less confused.
The endoplasm attacks as it pursues you!
The endoplasm barely misses you. Sigmund attacks as he pursues you!
Sigmund closely misses you.
Okay, then.
It was a potion of might.
You feel very mighty all of a sudden. The endoplasm freezes you.
You are frozen.
* * * LOW HITPOINT WARNING * * *
It was a potion of attraction.
You feel attractive to monsters. Sigmund closely misses you.
The endoplasm barely misses you.
You aren't carrying any items that you can evoke.
Unknown command.
You begin to rise into the air.
The endoplasm jiggles.
The endoplasm hits you.
You die...

..######## #........# #
##..# #.#.# # #. ....
##..##### #.#.##..#
#.......######
........##.##@###......#
........#####J# ######.#
#..g.{{@.# ####.####
,#.######## #..)....#
#.......# ######.##.##.#
#####.### ####......##.#
# #) #.....###.##.# #
#.....###.##.#
#......##.....


You could see Sigmund and an endoplasm.

Vanquished Creatures
  A ribbon worm (D:2)
  2 dart slugs (D:1)
  4 bats (D:1)
  4 endoplasms
  A giant cockroach (D:1)
  9 goblins
  4 hobgoblins (D:1)
  5 kobolds
  5 ball pythons
  3 frilled lizards
  3 rats (D:1)
41 creatures vanquished.

Notes
Turn   | Place    | Note
-------+----------+-------------------------------------------
     0 | D:1      | SnakkuSnakku7 the Formicid Cinder Acolyte began the quest
                  | for the Orb.
     0 | D:1      | Reached XP level 1. HP: 18/18 MP: 2/2
    96 | D:1      | Reached XP level 2. HP: 18/24 MP: 3/3
   220 | D:1      | Reached skill level 4 in Axes
   220 | D:1      | Reached XP level 3. HP: 18/29 MP: 4/4
   965 | D:2      | Reached XP level 4. HP: 35/35 MP: 5/5
  1029 | D:2      | Noticed Sigmund
  1047 | D:2      | HP: 1/35 [frozen (4)]
  1049 | D:2      | Slain by an endoplasm

Illustrated notes

Levels and vault maps discovered:
D:1:      psy_arrival_conway, layout_loops_ring
D:2:      layout_loops_cross, uniq_sigmund

Skill      XL: |  1  2 |
---------------+-------+-----
Axes           | 4 |  4.6
Fighting       | |  3.2
Spellcasting   | |  1.1
Fire Magic     | |  3.0

Action                     |  1- 3 |  4- 6 || total
---------------------------+-------+-------++-------
  Melee: Hand axe          |   114 |    14 ||   128
         Punch             |     1 |       ||     1
 Invoke: Rising Flame      |       |     1 ||     1
Ability: Dig               |     1 |       ||     1
    Use: Potion            |       |     2 ||     2
   Stab: Sleeping          |     1 |       ||     1
 Armour: Robe              |    76 |    13 ||    89
  Dodge: Dodged            |    70 |    11 ||    81
